TOP OF THE 1ST |
Roy Eagle Squadron batting - Pitching for Indian Hills Voodoo : LHP Juan Reyes
|
Pitching: LHP Juan Reyes
|
|
Batting: RHB Gabriel Byram
|
0-0: Ball 1-0: Foul Ball, location: 2F 1-1: Ball 2-1: Fly out, F8 (Flyball, 8LD)
|
Batting: RHB Mal Roberson
|
0-0: Swinging Strike 0-1: Called Strike 0-2: Ball 1-2: SINGLE (Line Drive, 6D)
|
Batting: RHB Jesús Vélez
|
0-0: Foul Ball, location: 2F 0-1: Ball 1-1: Ball 2-1: SINGLE (Groundball, 56D) Mal Roberson to second
|
Batting: RHB Dani Morales
|
0-0: Ball 1-0: Ball 2-0: Called Strike 2-1: Foul Ball, location: 2F 2-2: Foul Ball, location: 2F 2-2: Fly out, F9 (Flyball, 9S)
|
Batting: RHB Carlos Méndez
|
0-0: SINGLE (Line Drive, 8RS) Mal Roberson to third Jesús Vélez to second Runner from 3rd tries for Home, SAFE, no throw
|
Batting: SHB Eduardo Luna
|
0-0: Ball 1-0: Foul Ball, location: 2F 1-1: Ball 2-1: Ball 3-1: Base on Balls Jesús Vélez to third Carlos Méndez to second
|
Batting: SHB Allen King
|
0-0: Foul Ball, location: 2F 0-1: SINGLE (Line Drive, 34D) Jesús Vélez scores Carlos Méndez to third Eduardo Luna to second Runner from 3rd tries for Home, SAFE, no throw
|
Batting: RHB Ed Lindsey
|
0-0: Fielders Choice at 2nd, 6-4 (Groundball, 6)
|
Top of the 1st over - 3 run(s), 4 hit(s), 0 error(s), 1 left on base; Roy 3 - Indian Hills 0 |
BOTTOM OF THE 1ST |
Indian Hills Voodoo batting - Pitching for Roy Eagle Squadron : LHP Nick Thornton
|
Pitching: LHP Nick Thornton
|
|
Batting: SHB Cisco Oliva
|
0-0: SINGLE (Groundball, 23) (infield hit)
|
Batting: RHB Greg Williams
|
0-0: Ball 1-0: Ball 2-0: Ball 3-0: Grounds into double play, 5-4-3 (Groundball, 5L)
|
Batting: RHB António Nevárez
|
0-0: Foul Ball, location: 2F 0-1: Ball 1-1: Ball 2-1: Ball 3-1: Called Strike 3-2: Base on Balls
|
Batting: RHB Ben White
|
0-0: Ball 1-0: Called Strike 1-1: Foul Ball, location: 2F 1-2: Hit by Pitch António Nevárez to second
|
Batting: RHB Randall James
|
0-0: Called Strike 0-1: Fielders Choice at 2nd, 5-4 (Groundball, 56)
|
Bottom of the 1st over - 0 run(s), 1 hit(s), 0 error(s), 1 left on base; Roy 3 - Indian Hills 0 |
TOP OF THE 2ND |
Roy Eagle Squadron batting - Pitching for Indian Hills Voodoo : LHP Juan Reyes
|
Batting: LHB Michael Graham
|
0-0: Ball 1-0: Ground out 6-3 (Groundball, 6)
|
Batting: RHB Gabriel Byram
|
0-0: Foul Ball, location: 2F 0-1: Ground out 3-1 (Groundball, 34)
|
Batting: RHB Mal Roberson
|
0-0: Foul Ball, location: 2F 0-1: Foul Ball, location: 2F 0-2: Strikes out swinging
|
Top of the 2nd over - 0 run(s), 0 hit(s), 0 error(s), 0 left on base; Roy 3 - Indian Hills 0 |
BOTTOM OF THE 2ND |
Indian Hills Voodoo batting - Pitching for Roy Eagle Squadron : LHP Nick Thornton
|
Batting: RHB Dave McGuire
|
0-0: Called Strike 0-1: Swinging Strike 0-2: Fly out, F8 (Flyball, 89M)
|
Batting: RHB Norman Hopkins
|
0-0: Foul Ball, location: 2F 0-1: Called Strike 0-2: Strikes out looking
|
Batting: LHB José Castillo
|
0-0: Foul Ball, location: 2F 0-1: Foul Ball, location: 2F 0-2: Ball 1-2: Ball 2-2: Fly out, F7 (Flyball, 7)
|
Bottom of the 2nd over - 0 run(s), 0 hit(s), 0 error(s), 0 left on base; Roy 3 - Indian Hills 0 |
TOP OF THE 3RD |
Roy Eagle Squadron batting - Pitching for Indian Hills Voodoo : LHP Juan Reyes
|
Batting: RHB Jesús Vélez
|
0-0: Ball 1-0: Called Strike 1-1: Foul Ball, location: 2F 1-2: Foul Ball, location: 2F 1-2: DOUBLE (Flyball, 78M)
|
Batting: RHB Dani Morales
|
0-0: Ball 1-0: Foul Ball, location: 2F 1-1: Foul Ball, location: 2F 1-2: Foul Ball, location: 2F 1-2: Ball 2-2: Strikes out swinging
|
Batting: RHB Carlos Méndez
|
0-0: Called Strike 0-1: Foul Ball, location: 2F 0-2: Ball 1-2: Strikes out swinging
|
Batting: SHB Eduardo Luna
|
0-0: Ball 1-0: Foul Ball, location: 2F 1-1: Ball 2-1: Foul Ball, location: 2F 2-2: Foul Ball, location: 2F 2-2: Ground out 6-3 (Groundball, 56)
|
Top of the 3rd over - 0 run(s), 1 hit(s), 0 error(s), 1 left on base; Roy 3 - Indian Hills 0 |
BOTTOM OF THE 3RD |
Indian Hills Voodoo batting - Pitching for Roy Eagle Squadron : LHP Nick Thornton
|
Batting: LHB Dave Wilkinson
|
0-0: Ball 1-0: Ball 2-0: Ball 3-0: Base on Balls
|
Batting: SHB Cisco Oliva
|
0-0: Swinging Strike 0-1: Foul Ball, location: 2F 0-2: Ball 1-2: Strikes out swinging
|
Batting: RHB Greg Williams
|
0-0: Ball 1-0: Called Strike 1-1: SINGLE (Groundball, 6MD) Dave Wilkinson to second
|
Batting: RHB António Nevárez
|
0-0: Fly out, F8 (Line Drive, 8RM)
|
Batting: RHB Ben White
|
0-0: Fly out, F9 (Flyball, 9S)
|
Bottom of the 3rd over - 0 run(s), 1 hit(s), 0 error(s), 2 left on base; Roy 3 - Indian Hills 0 |
TOP OF THE 4TH |
Roy Eagle Squadron batting - Pitching for Indian Hills Voodoo : LHP Juan Reyes
|
Batting: SHB Allen King
|
0-0: Called Strike 0-1: Swinging Strike 0-2: Ball 1-2: Foul Ball, location: 2F 1-2: Ball 2-2: Foul Ball, location: 2F 2-2: Foul Ball, location: 2F 2-2: DOUBLE (Flyball, 78XD)
|
Batting: RHB Ed Lindsey
|
0-0: Foul Ball, location: 2F 0-1: Fly out, F3 (Line Drive, 3L) Lined into DP, 3-6 (Line Drive, 3L)
|
Batting: LHB Michael Graham
|
0-0: Called Strike 0-1: Called Strike 0-2: Ball 1-2: Ball 2-2: SINGLE (Groundball, 3S) (infield hit)
|
Batting: RHB Gabriel Byram
|
0-0: Ball 1-0: Foul Ball, location: 2F 1-1: Ball 2-1: Foul Ball, location: 2F 2-2: Foul Ball, location: 2F 2-2: Ball 3-2: Ground out 6-3 (Groundball, 6)
|
Top of the 4th over - 0 run(s), 2 hit(s), 0 error(s), 1 left on base; Roy 3 - Indian Hills 0 |
BOTTOM OF THE 4TH |
Indian Hills Voodoo batting - Pitching for Roy Eagle Squadron : LHP Nick Thornton
|
Batting: RHB Randall James
|
0-0: Ball 1-0: Ball 2-0: Ball 3-0: Called Strike 3-1: Base on Balls
|
Batting: RHB Dave McGuire
|
0-0: Ball 1-0: Swinging Strike 1-1: Foul Ball, location: 2F 1-2: Strikes out swinging
|
Batting: RHB Norman Hopkins
|
0-0: Called Strike 0-1: Ball 1-1: Called Strike 1-2: Ball 2-2: Strikes out swinging
|
Batting: LHB José Castillo
|
0-0: Ball 1-0: Called Strike 1-1: SINGLE (Groundball, 34D) Randall James to second Runner from 2nd tries for 3rd, SAFE, no throw
|
Batting: LHB Dave Wilkinson
|
0-0: Ball 1-0: Ball 2-0: Ground out 4-3 (Groundball, 34)
|
Bottom of the 4th over - 0 run(s), 1 hit(s), 0 error(s), 2 left on base; Roy 3 - Indian Hills 0 |
TOP OF THE 5TH |
Roy Eagle Squadron batting - Pitching for Indian Hills Voodoo : LHP Juan Reyes
|
Batting: RHB Mal Roberson
|
0-0: Foul Ball, location: 2F 0-1: Ball 1-1: Swinging Strike 1-2: Foul Ball, location: 2F 1-2: Ball 2-2: Foul Ball, location: 2F 2-2: Ground out 6-3 (Groundball, 6)
|
Pitching: RHP Carlos Rocha
|
|
Batting: RHB Jesús Vélez
|
0-0: Swinging Strike 0-1: Called Strike 0-2: Strikes out swinging
|
Batting: RHB Dani Morales
|
0-0: Called Strike 0-1: Foul Ball, location: 2F 0-2: Strikes out swinging
|
Top of the 5th over - 0 run(s), 0 hit(s), 0 error(s), 0 left on base; Roy 3 - Indian Hills 0 |
BOTTOM OF THE 5TH |
Indian Hills Voodoo batting - Pitching for Roy Eagle Squadron : LHP Nick Thornton
|
Batting: SHB Cisco Oliva
|
0-0: Ball 1-0: Swinging Strike 1-1: SOLO HOME RUN (Flyball, 7D), Distance : 382 ft
|
Batting: RHB Greg Williams
|
0-0: Called Strike 0-1: Ground out 4-3 (Groundball, 4)
|
Batting: RHB António Nevárez
|
0-0: Ball 1-0: Foul Ball, location: 2F 1-1: Called Strike 1-2: Ground out 4-3 (Groundball, 4S)
|
Batting: RHB Ben White
|
0-0: Called Strike 0-1: Ball 1-1: Foul Ball, location: 2F 1-2: SINGLE (Groundball, 34D)
|
Batting: RHB Randall James
|
0-0: Called Strike 0-1: Ball 1-1: Ball 2-1: Ball 3-1: Called Strike 3-2: Reached on error, E6 (Groundball, 6) Ben White to second
|
Pitching: LHP Jason Mills
|
|
Batting: RHB Dave McGuire
|
0-0: Called Strike 0-1: Ball 1-1: Ball 2-1: Called Strike 2-2: Ball 3-2: Fly out, F9 (Flyball, 9S)
|
Bottom of the 5th over - 1 run(s), 2 hit(s), 1 error(s), 2 left on base; Roy 3 - Indian Hills 1 |
TOP OF THE 6TH |
Roy Eagle Squadron batting - Pitching for Indian Hills Voodoo : RHP Carlos Rocha
|
Batting: RHB Carlos Méndez
|
0-0: Called Strike 0-1: Ball 1-1: Foul Ball, location: 2F 1-2: Foul Ball, location: 2F 1-2: Ball 2-2: Ground out 4-3 (Groundball, 4)
|
Batting: SHB Eduardo Luna
|
0-0: Ball 1-0: Fly out, F9 (Flyball, 9S)
|
Batting: SHB Allen King
|
0-0: SINGLE (Groundball, 4MD)
|
Batting: RHB Ed Lindsey
|
0-0: Ball 1-0: Ball 2-0: Foul Ball, location: 2F 2-1: Called Strike 2-2: Strikes out swinging
|
Top of the 6th over - 0 run(s), 1 hit(s), 0 error(s), 1 left on base; Roy 3 - Indian Hills 1 |
BOTTOM OF THE 6TH |
Indian Hills Voodoo batting - Pitching for Roy Eagle Squadron : LHP Jason Mills
|
Batting: RHB Norman Hopkins
|
0-0: Ground out 6-3 (Groundball, 6S)
|
Batting: LHB José Castillo
|
0-0: Ball 1-0: Swinging Strike 1-1: Swinging Strike 1-2: Ball 2-2: Strikes out swinging
|
Batting: LHB Dave Wilkinson
|
0-0: Ball 1-0: Ball 2-0: Called Strike 2-1: Ball 3-1: Foul Ball, location: 2F 3-2: Foul Ball, location: 2F 3-2: Strikes out looking
|
Bottom of the 6th over - 0 run(s), 0 hit(s), 0 error(s), 0 left on base; Roy 3 - Indian Hills 1 |
TOP OF THE 7TH |
Roy Eagle Squadron batting - Pitching for Indian Hills Voodoo : RHP Carlos Rocha
|
Batting: LHB Michael Graham
|
0-0: Fly out, F3 (Popup, 3S)
|
Batting: RHB Gabriel Byram
|
0-0: Fly out, F5 (Popup, 56D)
|
Batting: RHB Mal Roberson
|
0-0: Ball 1-0: Swinging Strike 1-1: Ball 2-1: Swinging Strike 2-2: Ground out 4-3 (Groundball, 4)
|
Top of the 7th over - 0 run(s), 0 hit(s), 0 error(s), 0 left on base; Roy 3 - Indian Hills 1 |
BOTTOM OF THE 7TH |
Indian Hills Voodoo batting - Pitching for Roy Eagle Squadron : LHP Jason Mills
|
Batting: SHB Cisco Oliva
|
0-0: Fly out, F9 (Line Drive, 9S)
|
Batting: RHB Greg Williams
|
0-0: SOLO HOME RUN (Flyball, 89XD), Distance : 404 ft
|
Batting: RHB António Nevárez
|
0-0: Foul Ball, location: 2F 0-1: SINGLE (Groundball, 6MD)
|
Batting: RHB Ben White
|
0-0: Ball 1-0: Called Strike 1-1: Foul Ball, location: 2F 1-2: Foul Ball, location: 2F 1-2: Ball 2-2: Fly out, F4 (Popup, 4D)
|
Batting: RHB Randall James
|
0-0: Ball 1-0: Ball 2-0: Foul Ball, location: 2F Pickoff Throw to First - Out!
|
Bottom of the 7th over - 1 run(s), 2 hit(s), 0 error(s), 0 left on base; Roy 3 - Indian Hills 2 |
TOP OF THE 8TH |
Roy Eagle Squadron batting - Pitching for Indian Hills Voodoo : RHP Carlos Rocha
|
Batting: RHB Jesús Vélez
|
0-0: Called Strike 0-1: Swinging Strike 0-2: Foul Ball, location: 2F 0-2: Ground out 4-3 (Groundball, 4)
|
Batting: RHB Dani Morales
|
0-0: Ball 1-0: Swinging Strike 1-1: Called Strike 1-2: Strikes out swinging
|
Batting: RHB Carlos Méndez
|
0-0: Swinging Strike 0-1: Ball 1-1: Foul Ball, location: 2F 1-2: Strikes out looking
|
Top of the 8th over - 0 run(s), 0 hit(s), 0 error(s), 0 left on base; Roy 3 - Indian Hills 2 |
BOTTOM OF THE 8TH |
Indian Hills Voodoo batting - Pitching for Roy Eagle Squadron : LHP Jason Mills
|
Pitching: RHP John Ashe
|
|
Now at SS: Brian Baker
|
|
Batting: RHB Randall James
|
0-0: Swinging Strike 0-1: Called Strike 0-2: Ball 1-2: Ball 2-2: Ball 3-2: Strikes out swinging
|
Batting: RHB Dave McGuire
|
0-0: Ball 1-0: Fly out, F9 (Flyball, 9LS)
|
Batting: RHB Norman Hopkins
|
0-0: Ball 1-0: Ground out 6-3 (Groundball, 6)
|
Bottom of the 8th over - 0 run(s), 0 hit(s), 0 error(s), 0 left on base; Roy 3 - Indian Hills 2 |
TOP OF THE 9TH |
Roy Eagle Squadron batting - Pitching for Indian Hills Voodoo : RHP Carlos Rocha
|
Batting: SHB Eduardo Luna
|
0-0: Called Strike 0-1: Foul Ball, location: 2F 0-2: Ball 1-2: SINGLE (Flyball, 7S)
|
Batting: SHB Allen King
|
0-0: Ball 1-0: Ball 2-0: Ball 3-0: Called Strike 3-1: Swinging Strike 3-2: Foul Ball, location: 2F 3-2: Fly out, F8 (Flyball, 8LM)
|
Pinch Hitting: RHB Dan Duckworth
|
0-0: Called Strike 0-1: Ball 1-1: Grounds into double play, 6-4-3 (Groundball, 6M)
|
Top of the 9th over - 0 run(s), 1 hit(s), 0 error(s), 0 left on base; Roy 3 - Indian Hills 2 |
BOTTOM OF THE 9TH |
Indian Hills Voodoo batting - Pitching for Roy Eagle Squadron : RHP John Ashe
|
Pitching: RHP Walt Hall
|
|
Now at 2B: Dan Duckworth
|
|
Pinch Hitting: RHB José Torres
|
0-0: Swinging Strike 0-1: Called Strike 0-2: Ball 1-2: Strikes out swinging
|
Batting: LHB Dave Wilkinson
|
0-0: SINGLE (Line Drive, 8RS)
|
Batting: SHB Cisco Oliva
|
0-0: Ball 1-0: Ball 2-0: DOUBLE (Groundball, 3L) Dave Wilkinson to third
|
Batting: RHB Greg Williams
|
0-0: Foul Ball, location: 2F 0-1: Foul Ball, location: 2F 0-2: Fly out, F9 (Line Drive, 9S) Runner from 3rd tags up, SCORES, throw made
|
Batting: RHB António Nevárez
|
0-0: Ball 1-0: Fly out, F7 (Line Drive, 7)
|
Bottom of the 9th over - 1 run(s), 2 hit(s), 0 error(s), 1 left on base; Roy 3 - Indian Hills 3 |
TOP OF THE 10TH |
Roy Eagle Squadron batting - Pitching for Indian Hills Voodoo : RHP Carlos Rocha
|
Pitching: LHP Jared Steele
|
|
Now at 3B: José Torres
|
|
Pinch Hitting: RHB Max Kimball
|
0-0: Called Strike 0-1: Ball 1-1: Ground out 6-3 (Groundball, 6)
|
Batting: RHB Gabriel Byram
|
0-0: Swinging Strike 0-1: Fly out, F8 (Flyball, 89M)
|
Batting: RHB Mal Roberson
|
0-0: Called Strike 0-1: SINGLE (Groundball, 56D)
|
Batting: RHB Jesús Vélez
|
0-0: Ball 1-0: Swinging Strike 1-1: Ball 2-1: Fielders Choice at 2nd, 4-6 (Groundball, 4)
|
Top of the 10th over - 0 run(s), 1 hit(s), 0 error(s), 0 left on base; Roy 3 - Indian Hills 3 |
BOTTOM OF THE 10TH |
Indian Hills Voodoo batting - Pitching for Roy Eagle Squadron : RHP Walt Hall
|
Now in LF: Octávio Otero
|
|
Batting: RHB Ben White
|
0-0: Ground out 5-3 (Groundball, 56)
|
Batting: RHB Randall James
|
0-0: Called Strike 0-1: Ball 1-1: Ball 2-1: Ball 3-1: Foul Ball, location: 2F 3-2: Base on Balls
|
Batting: RHB Dave McGuire
|
0-0: Ball 1-0: Called Strike 1-1: 2-RUN HOME RUN (Flyball, 8RXD), Distance : 436 ft
|
Tuesday, August 8th, 2017 - OOTP Baseball 17.12 Build 75
|
|